Map: Dragon Scales LE

Players

apple - Winner!

  • Race: Terran Terran
  • League: Diamond
  • Spawn Location: 5:00

LeCanardFou

  • Race: Protoss Protoss
  • League: Diamond
  • Spawn Location: 11:00

VOD

Have the link to the VOD?

Description

Time

  • Played on: Feb. 7, 2023, 1:04 p.m.
  • Length: 12:51
Show
View Real Time Build Order
Export as new Build Order

apple Terran - Winner!

Build Orders: Reaper Expand 

Get SALT Encoding   

  12  0:00  SCV  
  13  0:12  SCV  
  14  0:17  Supply Depot  
  14  0:24  SCV  
  15  0:38  Barracks, SCV  
  16  0:44  Refinery  
  16  0:50  SCV  
  17  1:02  SCV  
  18  1:14  SCV  
  19  1:28  Orbital Command, Reaper  
  20  1:44  Command Center  
  20  1:54  SCV  
  21  1:57  Bunker  
  21  2:06  SCV  
  21  2:07  Supply Depot  
  22  2:10  Marine  
  23  2:18  Refinery  
  23  2:28  Marine, SCV  
  25  2:46  Marine  
  26  2:56  Barracks, SCV  
  26  2:58  Barracks  
  27  2:59  Factory  
  27  3:11  SCV  
  27  3:15  Barracks Tech Lab  
  27  3:23  Engineering Bay, SCV  
  28  3:29  Orbital Command  
  28  3:33  Stimpack  
  28  3:34  Marine  
  28  3:38  SCV  
  30  3:44  Barracks Reactor  
  30  3:45  Barracks Tech Lab  
  30  3:50  SCV  
  30  3:51  Terran Infantry Weapons Level 1  
  31  3:56  SCV  
  31  4:02  SCV, Missile Turret  
  33  4:05  Concussive Shells  
  33  4:09  SCV  
  34  4:12  Supply Depot  
  34  4:14  SCV  
  35  4:17  Starport  
  35  4:21  Factory Reactor, SCV  
  35  4:23  Marine  
  37  4:25  Marine  
  37  4:26  SCV  
  37  4:28  Marauder  
  41  4:32  Marauder  
  41  4:36  Supply Depot  
  41  4:38  SCV  
  44  4:41  Supply Depot  
  44  4:42  SCV  
  44  4:45  Marine  
  45  4:47  Marine  
  45  4:50  Combat Shield, SCV  
  48  4:53  Marauder  
  48  4:59  SCV  
  51  5:02  SCV  
  51  5:04  Supply Depot  
  52  5:08  Marine x2  
  52  5:11  Medivac  
  52  5:12  Marine  
  58  5:14  Marine, SCV x2  
  58  5:17  Refinery  
  60  5:22  Supply Depot  
  60  5:26  Marine x2  
  62  5:30  Marauder, SCV x2, Supply Depot  
  66  5:37  Medivac  
  69  5:42  SCV  
  69  5:43  SCV  
  70  5:53  Marine x2, Marauder x2  
  70  5:54  SCV  
  70  5:55  SCV  
  78  5:57  Supply Depot  
  78  6:04  Medivac  
  78  6:08  Command Center  
  80  6:11  SCV  
  80  6:12  SCV  
  80  6:14  Terran Infantry Armor Level 1  
  80  6:17  Supply Depot x2  
  82  6:19  Refinery  
  82  6:24  Marine, Marauder  
  82  6:25  Marauder  
  77  6:43  Marine x2  
  77  6:46  Marauder x2  
  76  6:47  Viking x2  
  76  6:50  Factory Reactor  
  76  6:54  Supply Depot x2  
  80  7:01  Marine  
  81  7:05  SCV x2  
  81  7:07  Marauder  
  84  7:16  Barracks  
  84  7:17  Barracks, SCV  
  84  7:22  Marine x2  
  87  7:23  Marauder  
  87  7:29  Marauder  
  91  7:30  Medivac, Viking, Starport  
  91  7:37  SCV x2  
  97  7:48  Armory  
  97  7:50  Engineering Bay  
  97  7:54  Widow Mine  
  97  7:55  Marine x2, Marauder x2  
  97  7:56  Orbital Command  
  97  7:57  SCV  
  97  7:58  SCV  
  107  8:08  Barracks Reactor  
  107  8:09  Barracks Tech Lab  
  107  8:10  SCV x2  
  109  8:13  Marine  
  109  8:15  Widow Mine  
  109  8:17  Marauder x2  
  109  8:19  Marine  
  117  8:22  SCV x2  
  119  8:31  Marine  
  120  8:37  Marine  
  120  8:38  Marauder x2  
  125  8:49  Marine  
  124  8:56  Marine  
  124  8:57  Marine x2, Marauder  
  124  8:59  Marauder  
  124  9:00  Marauder  
  132  9:06  Marine  
  129  9:18  Marauder  
  112  9:31  Viking x3  
  112  9:32  Viking  
  112  9:33  Marine x4, Marauder x2  
  128  9:39  Marauder  
  130  9:50  Marine  
  130  9:51  Marine x3  
  130  9:52  SCV  
  125  9:54  Marauder x2  
  125  9:56  Command Center  
  125  9:58  Refinery  
  125  9:59  Refinery  
  129  10:00  Terran Infantry Weapons Level 2, Terran Infantry Armor Level 2  
  129  10:01  Marauder  
  129  10:03  Terran Ship Weapons Level 1  
  129  10:04  Supply Depot  
  129  10:07  Supply Depot  
  131  10:15  Marauder x2  
  131  10:16  Barracks x2, Widow Mine  
  131  10:17  Medivac  
  131  10:18  Medivac x3  
  145  10:37  Widow Mine  
  138  10:54  Medivac x2, Viking x2  
  138  10:55  SCV x3  
  149  11:03  Marine, Marauder  
  149  11:04  Barracks Tech Lab, Marauder x2, Barracks Reactor  
  156  11:12  Barracks  
  156  11:13  Barracks x2  
  156  11:15  Barracks  
  156  11:16  Sensor Tower  
  156  11:22  Sensor Tower  
  156  11:26  SCV x3  
  159  11:36  Missile Turret  
  159  11:38  SCV  
  160  11:41  Missile Turret  
  160  11:45  Widow Mine  
  160  11:46  Marine x4, Marauder x3  
  172  11:49  Marauder  
  174  12:02  SCV  
  174  12:03  SCV, Missile Turret  
  174  12:04  Marine  
  174  12:07  Marauder  
  179  12:13  Barracks Tech Lab x2  
  179  12:14  Barracks Reactor  
  179  12:17  Refinery  
  179  12:18  Supply Depot x2, Refinery  
  179  12:20  Missile Turret  
Show
View Real Time Build Order
Export as new Build Order

LeCanardFou Protoss 

Build Orders: 1 Gate Expand, Colossus Rush 

Get SALT Encoding   

  12  0:01  Probe  
  13  0:13  Probe  
  14  0:17  Pylon  
  14  0:25  Probe  
  15  0:37  Probe (Chrono Boost)  
  16  0:43  Gateway  
  16  0:49  Probe (Chrono Boost)  
  17  0:55  Gateway, Probe (Chrono Boost)  
  18  1:01  Assimilator  
  18  1:04  Probe (Chrono Boost)  
  19  1:16  Probe (Chrono Boost)  
  20  1:21  Probe (Chrono Boost)  
  21  1:40  Nexus  
  21  1:46  Cybernetics Core  
  21  1:48  Probe  
  22  2:00  Probe  
  23  2:06  Assimilator  
  23  2:16  Pylon  
  23  2:24  Warp Gate  
  23  2:31  Stalker (Chrono Boost)  
  23  2:33  Probe  
  27  2:41  Stalker (Chrono Boost)  
  26  2:45  Probe  
  26  2:57  Probe  
  26  2:59  Probe  
  27  3:09  Probe  
  27  3:11  Probe  
  29  3:16  Robotics Facility  
  29  3:21  Probe (Chrono Boost)  
  29  3:24  Forge  
  31  3:28  Probe (Chrono Boost)  
  31  3:33  Probe (Chrono Boost)  
  32  3:35  Assimilator  
  32  3:38  Probe x2 (Chrono Boost)  
  34  3:42  Assimilator  
  34  3:46  Stalker  
  34  3:47  Probe  
  34  3:48  Probe  
  38  3:52  Protoss Ground Weapons Level 1 (Chrono Boost)  
  38  3:55  Pylon  
  38  4:03  Immortal  
  38  4:04  Probe  
  43  4:15  Stalker  
  45  4:25  Probe  
  45  4:28  Stalker  
  45  4:30  Probe  
  49  4:35  Pylon  
  49  4:37  Probe  
  50  4:42  Probe  
  50  4:43  Robotics Bay  
  51  4:52  Probe  
  52  4:56  Pylon  
  52  4:59  Stalker x2  
  56  5:04  Probe  
  56  5:06  Probe  
  58  5:16  Probe  
  58  5:17  Gateway  
  58  5:18  Probe  
  58  5:19  Gateway  
  60  5:29  Colossus  
  60  5:30  Probe  
  60  5:33  Extended Thermal Lance  
  67  5:43  Pylon, Probe  
  68  6:04  Nexus  
  68  6:09  Stalker x2  
  72  6:16  Stalker x2  
  76  6:24  Twilight Council  
  76  6:25  Protoss Ground Armor Level 1 (Chrono Boost)  
  76  6:29  Forge  
  62  6:41  Stalker x2  
  62  6:45  Probe  
  67  6:57  Probe  
  67  6:59  Photon Cannon  
  68  7:03  Protoss Ground Weapons Level 2 (Chrono Boost)  
  68  7:09  Probe  
  68  7:13  Forge  
  69  7:23  Probe  
  70  7:30  Blink (Chrono Boost)  
  70  7:32  Colossus  
  76  7:38  Probe  
  76  7:39  Pylon  
  76  7:40  Probe  
  78  7:50  Probe  
  79  7:52  Probe  
  80  7:59  Photon Cannon  
  80  8:02  Probe  
  81  8:07  Gateway  
  81  8:08  Pylon  
  81  8:10  Stalker  
  83  8:32  Stalker x3  
  83  8:59  Probe  
  83  9:03  Stalker x4  
  83  9:04  Stalker  
  91  9:11  Probe  
  77  9:30  Protoss Shields Level 1 (Chrono Boost)  
  77  9:36  Stalker x2  
  77  9:37  Stalker x2  
  85  9:54  Pylon  
  85  9:58  Twilight Council  
  85  10:04  Pylon  
  85  10:12  Probe  
  86  10:14  Observer (Chrono Boost)  
  86  10:17  Stalker x3  
  93  10:24  Probe  
  94  10:29  Stalker x2  
  96  10:36  Probe  
  83  10:57  Pylon, Charge (Chrono Boost)  
  83  11:06  Gateway  
  83  11:09  Gateway  
  83  11:15  Gateway, Probe  
  83  11:16  Gateway  
  83  11:17  Pylon  
  84  11:19  Zealot  
  84  11:21  Pylon  
  86  11:35  Probe  
  86  11:37  Probe  
  88  11:42  Zealot x3  
  88  11:43  Zealot  
  96  11:47  Probe  
  96  11:49  Probe  
  98  12:01  Pylon  
  98  12:12  Stalker x2  
  102  12:19  Stalker  
  102  12:20  Stalker x3  
  110  12:29  Pylon  
  88  12:44  Zealot x4  
Tags
 
Add a new tag
Caveats
  • Supply blocks, unpowered buildings, or Contaminate may cause inaccurate times.
  • Supply counts are checked every 10 seconds.